AoeStats
← sim_wilhelm

MegaRandom

506444520Analyzed
1v1 RM · 18d ago on Sep 13, 2026· 54m 48s· 2 players
Game mode
Random Map
Map size
Tiny (2 player)
Population
200
Speed
Normal
Resources
Standard
Victory
Conquest
Starting age
Dark Age
Ending age
Imperial Age
RankedLock teamsTeams togetherTeam positionsShared explorationLock speedFull tech treeHidden civsTurbo modeCheats
Victory
Defeat
🇺🇸 Bohemians · United States
565
+19
🇩🇪 Italians · Germany
633
-19
sim_wilhelm
5:49 Loom
11:32 Feudal Age
12:05 Double-Bit Axe
21:10 Castle Age
20:36 Fletching
20:49 Padded Archer Armor
22:32 Pikeman
24:51 Ballistics
24:27 Murder Holes
25:00 Heated Shot
32:28 Husbandry
32:38 Bloodlines
31:50 Light Cavalry
33:47 Stone Mining
33:48 Gold Mining
34:40 Wheelbarrow
38:22 Bodkin Arrow
38:37 Forging
38:44 Leather Archer Armor
38:35 Scale Barding Armor
38:58 Thumb Ring
38:14 Crossbowman
38:17 Elite Skirmisher
42:14 Imperial Age
44:15 Conscription
44:35 Hoardings
43:42 Cavalier
49:10 Squires
48:31 Man-at-Arms
48:57 Arson
49:14 Squires
48:34 Man-at-Arms
50:15 Demolition Ship
51:06 Medium Warships
53:12 Chain Barding Armor
52:53 Bracer
53:23 Ring Archer Armor
Blaizlaw
14:07 Feudal Age
13:09 Loom
14:46 Double-Bit Axe
14:52 Horse Collar
16:20 Fishing Lines
20:11 Town Watch
20:23 Fletching
23:13 Castle Age
21:59 Forging
24:17 Wheelbarrow
24:13 Bodkin Arrow
24:30 Bow Saw
24:23 Heavy Plow
24:00 Pikeman
25:18 Medium Warships
25:28 Gillnets
29:12 Iron Casting
28:37 Scale Mail Armor
30:59 Guard Tower
32:08 Squires
31:31 Crossbowman
32:34 Murder Holes
33:25 Fervor
34:58 Chemistry
33:50 Treadmill Crane
34:53 Ballistics
37:28 Wagenburg Tactics
37:53 Town Patrol
38:28 Clinker Construction
38:28 Careening
39:01 Hand Cart
43:23 Imperial Age
43:52 Elite Cannon Galleon
46:20 Two-Man Saw
45:23 Bracer
45:39 Chain Mail Armor
46:25 Blast Furnace
45:16 Arrowslits
46:13 Conscription
45:34 Arbalester
45:59 Elite Hussite Wagon
47:51 Hussite Reforms
48:39 Heavy Warships
47:56 Houfnice
51:48 Plate Mail Armor
51:19 Padded Archer Armor
54:24 Siege Engineers
Connection lost

Rejoining the realm…

Still unreachable

The connection could not be restored.

Session expired

The server has moved on; the page needs a fresh start.